 Dungeon Crawl Stone Soup version 0.30-a0-540-g0af01429fa (webtiles) character file.

Game seed: 14428678765414888711

13 Shayle the Sneak (level 2, 0/17 HPs)
             Began as a Tengu Brigand on Dec 26, 2022.
             Slain by a gnoll
             ... wielding a +0 spear
              (7 damage)
             ... on level 2 of the Dungeon.
             The game lasted 00:01:48 (741 turns).

Shayle the Sneak (Tengu Brigand)                     Turns: 741, Time: 00:01:49

Health: 0/17       AC:  3    Str: 17    XL:     2   Next: 37%
Magic:  3/3        EV: 12    Int: 11    God:
Gold:   30         SH:  0    Dex: 15    Spells: 1/1 levels left

rFire   . . .      SeeInvis .    a - +2 dagger
rCold   . . .      Faith    .    (no shield)
rNeg    . . .      Spirit   .    b - +0 robe
rPois   .          Reflect  .    (helmet restricted)
rElec   .          Harm     .    c - +0 cloak
rCorr   .          Rampage  .    (no gloves)
Will    .....                    (boots unavailable)
Stlth   +++                      (no amulet)
HPRegen 0.22/turn                h - +6 ring of strength
MPRegen 0.08/turn                (no ring)

@: no status effects
A: beak, talons 3
a: no special abilities


You were on level 2 of the Dungeon.
You visited 1 branch of the dungeon, and saw 2 of its levels.

You collected 30 gold pieces.

Inventory:

Hand Weapons
 a - a +2 dagger (weapon)
Missiles
 d - 9 poisoned darts (quivered)
 e - 3 curare-tipped darts
Armour
 b - a +0 robe (worn)
 c - a +0 cloak (worn)
Jewellery
 h - a +6 ring of strength (left hand)
Scrolls
 g - a scroll of butterflies {unknown}
 i - a scroll of fog {unknown}
Potions
 f - a potion of attraction {unknown}


   Skills:
 + Level 2.2 Fighting
 + Level 2.5 Short Blades
 - Level 2.0 Throwing
 + Level 1.6 Dodging
 + Level 4.1 Stealth


You had one spell level left.
You didn't know any spells.
Your spell library was empty.

Dungeon Overview and Level Annotations

Branches:
Dungeon (2/15)

Altars:


Innate Abilities, Weirdness & Mutations

You have a beak for a mouth.
You have claws for feet.


Message History

a hobgoblin corpse; a frilled lizard corpse
There is a stone staircase leading up here.
The jackal closely misses you.
You hit the jackal but do no damage. You claw the jackal, but do no damage.
The jackal bites you but does no damage.
The gnoll hits you but does no damage.
The jackal bites you but does no damage.
You climb upwards.
There is a stone staircase leading down here.
You closely miss the jackal. The jackal barely misses you.
You hit the jackal. Your peck misses the jackal.
The jackal is severely wounded.
The jackal bites you.
You hit the jackal. Your kick misses the jackal.
The jackal is almost dead.
The jackal misses you. The jackal closely misses you.
You closely miss the jackal.
The jackal is almost dead.
The jackal bites you.
You completely miss the jackal. You peck the jackal.
You kill the jackal!
You see here a jackal corpse.
There is a stone staircase leading down here.
You start resting.
HP restored.
You climb downwards.
The goblin hits you with a +0 dagger. The goblin hits you but does no damage.
There is a stone staircase leading up here.
You hit the goblin.
You kill the goblin!
Items here: ) †††.
Found a stone staircase leading down.
Found a short sword.
Found a stone staircase leading up.
The gnoll hits you from afar with a +0 spear.
The gnoll hits you with a +0 spear.
You hit the gnoll.
The gnoll is moderately wounded.
The gnoll hits you with a +0 spear!
You die...

#... <. #..##.
### ######
#..#.
#.##.....)
#...##
#..#....#
#..###..#..#
#..........#
#.#..##....###
#.#..##......#
#.##@#<.#.##..>
#. #g#)##.#####
#. #...##...##
#. #..........
##.##........##
#.....^......##
...............
...............
(............#.


You could see a gnoll.

Vanquished Creatures
  2 giant cockroaches (D:1)
  A goblin (D:2)
  A hobgoblin (D:2)
  A jackal (D:1)
  A quokka (D:2)
  2 ball pythons (D:1)
  2 bats (D:1)
  A frilled lizard (D:2)
  A kobold (D:1)
  A rat (D:1)
13 creatures vanquished.

Notes
Turn   | Place    | Note
-------+----------+-------------------------------------------
     0 | D:1      | Shayle the Tengu Brigand began the quest for the Orb.
     0 | D:1      | Reached XP level 1. HP: 12/12 MP: 2/2
   478 | D:1      | Reached XP level 2. HP: 17/17 MP: 3/3
   741 | D:2      | Slain by a gnoll

Illustrated notes

Levels and vault maps discovered:
D:1:      dpeg_arrival_arbitrary_c, layout_loops_ring
D:2:      layout_rooms, serial_aquarium, aquarium_bridge_island_small
          [aquarium_subvault_small_open, aquarium_subvault_window,
          aquarium_subvault_wall, aquarium_subvault_bridge,
          aquarium_subvault_wall], aquarium_window_2, aquarium_window_fake,
          aquarium_window_fake, aquarium_view_2d, aquarium_view_2b,
          aquarium_pool_corner, minmay_pentomino_p2

Action                   || total
-------------------------++-------
Melee: Dagger            ||    24
       Peck              ||     2
       Kick              ||     2
 Stab: Sleeping          ||     6
Armor: Robe              ||     7
Dodge: Dodged            ||    11

Table legend: (Time is in decaauts)
 A = Elapsed time spent in this place.
 B = Non-inter-level travel time spent in this place.
 C = Inter-level travel time spent in this place.
 D = Time resting spent in this place.
 E = Time spent auto-exploring this place.
 F = Levels seen in this place.
 G = Mean time per level.
                   A        B        C        D        E       F      G
               +--------+--------+--------+--------+--------+-----+--------+
         Total |    738 |    690 |     48 |      8 |    562 |   2 |  369.0 |
       Dungeon |    738 |    690 |     48 |      8 |    562 |   2 |  369.0 |
               +--------+--------+--------+--------+--------+-----+--------+

Top non-repeatable levels by time:
     D:1: 680 daAuts
     D:2: 57 daAuts
